 Dungeon Crawl Stone Soup version 0.30-a0-652-gcc886f7154 (webtiles) character file.

Game seed: 11878878458885919132

1521 ragingrage the Sneak (level 8, -3/52 HPs)
             Began as an Octopode Air Elementalist on Jan 17, 2023.
             Was an Initiate of Gozag.
             Slain by a sky beast (5 damage)
             ... on level 6 of the Dungeon.
             The game lasted 00:05:03 (7035 turns).

ragingrage the Sneak (Octopode Air Elementalist)    Turns: 7035, Time: 00:05:03

Health: -3/52      AC:  2    Str:  6    XL:     8   Next: 84%
Magic:  13/14      EV: 15    Int: 19    God:    Gozag
Gold:   289        SH:  5    Dex: 22    Spells: 5/15 levels left

rFire   . . .      SeeInvis .    t - +2 dagger (elec)
rCold   . . .      Faith    .    (no shield)
rNeg    . . .      Spirit   .    (helmet restricted)
rPois   .          Reflect  +    j - amulet of reflection
rElec   .          Harm     .    w - +6 ring of dexterity
rCorr   .          Rampage  .    (no ring)
Will    .....                    (no ring)
Stlth   +++++                    (no ring)
HPRegen 0.28/turn                (no ring)
MPRegen 0.14/turn                (no ring)
                                 (no ring)
                                 (no ring)

@: brilliant, flying
A: almost no armour, amphibious, 8 rings, camouflage 1, gelatinous body 1,
(nimble swimmer 1), tentacles, agile 1, shaggy fur 1, devolution 1
a: Renounce Religion, Potion Petition, Call Merchant, Bribe Branch


You were on level 6 of the Dungeon.
You worshipped Gozag.
Gozag was aware of your devotion.
You visited 2 branches of the dungeon, and saw 7 of its levels.

You collected 468 gold pieces.
You spent 116 gold pieces at shops.
You paid 63 gold pieces to Gozag.

Inventory:

Hand Weapons
 t - a +2 dagger of electrocution (weapon)
Missiles
 k - 8 poisoned darts
Jewellery
 j - an amulet of reflection (around mantle)
 w - a +6 ring of dexterity (left tentacle)
Wands
 p - a wand of mindburst (18)
 x - a wand of polymorph (3)
 y - a wand of flame (11)
 F - a wand of charming (14)
Scrolls
 b - 2 scrolls of immolation
 c - 2 scrolls of fog {unknown}
 d - a scroll of acquirement {unknown}
 f - 2 scrolls of silence
 g - 4 scrolls of teleportation
 h - 2 scrolls of enchant weapon {unknown}
 m - 2 scrolls of brand weapon {unknown}
 q - a scroll of amnesia {unknown}
 r - 3 scrolls of magic mapping {unknown}
 u - 2 scrolls of poison
 v - a scroll of summoning {unknown}
 B - a scroll of vulnerability {unknown}
 D - a scroll of blinking {unknown}
 G - a scroll of noise {unknown}
Potions
 a - 2 potions of magic
 e - 4 potions of might
 i - 3 potions of curing
 s - a potion of ambrosia {unknown}
 z - a potion of degeneration {unknown}
 A - a potion of attraction {unknown}
 C - 2 potions of heal wounds {unknown}
 E - a potion of cancellation {unknown}
 H - a potion of haste {unknown}


   Skills:
 + Level 3.3 Fighting
 + Level 3.3 Short Blades
 + Level 4.0 Dodging
 - Level 7.0 Stealth
 - Level 1.4 Unarmed Combat
 - Level 4.0 Spellcasting
 - Level 3.0 Conjurations
 + Level 6.0 Air Magic


You had 5 spell levels left.
You knew the following spells:

 Your Spells              Type           Power      Damage    Failure   Level
a - Shock                 Conj/Air       100%       1d9       2%          1
b - Static Discharge      Conj/Air       62%        2-5/arc   3%          2
c - Swiftness             Air            40%        N/A       3%          3
d - Airstrike             Air            20%        2d(3-19)  11%         4

Your spell library contained the following spells:

 Spells                   Type           Power      Damage    Failure   Level
 Foxfire                  Conj/Fire      56%        2x1d6     8%          1
 Beastly Appendage        Tmut           10%        N/A       14%         1
 Wereblood                Tmut           5%         N/A       21%         2
 Gell's Gravitas          Tloc           5%         N/A       38%         3
 Spider Form              Tmut/Pois      5%         N/A       38%         3
 Teleport Other           Tloc           5%         N/A       38%         3
 Fireball                 Conj/Fire      7%         3d5       90%         5
 Dispersal                Tloc           2%         N/A       100%        6
 Starburst                Conj/Fire      7%         6d4       100%        6


Dungeon Overview and Level Annotations

Branches:
Dungeon (6/15)             Temple (1/1) D:5

Altars:
Ashenzari
Cheibriados
Dithmenos
Elyvilon
Gozag
Hepliaklqana
Trog
Wu Jian
The Shining One

Shops:
D:3 ?   D:5 *

Annotations:
D:3 1 runed translucent door, exclusion: downstairs, Crazy Yiuf
D:4 Eustachio
D:5 exclusion: hound, Edmund


Innate Abilities, Weirdness & Mutations

You cannot wear most types of armour.
You are amphibious.
You can wear up to eight rings at the same time.
Your skin changes colour to match your surroundings (Stealth+).
Your rubbery body absorbs attacks. (AC +1, EV +1)
((You are camouflaged when in or above water. (Stealth+)))
You have tentacles for arms and can constrict up to eight enemies at once.
You are agile. (Dex +4, Str/Int -1)
You are covered in fur. (AC +1)
You have hidden genetic defects.


Message History

You hit the sky beast but do no damage.
The sky beast is moderately wounded.
You block the sky beast's attack.
You hit the sky beast.
You tentacle-slap the sky beast, but do no damage.
Your squeeze misses the sky beast.
The sky beast is moderately wounded.
The sky beast flickers out of sight!
Deactivating autopickup; reactivate with Ctrl-A.
Something hits you. Something shocks you.
You miss something. You squeeze something! You block something's attack.
You closely miss something.
Your tentacle-slap misses something.
Your squeeze misses something. You hit something. You squeeze something.
Something hits you. Something shocks you.
You miss something. Your squeeze misses something. Something hits you.
Something shocks you.
It was a potion of mutation.
You feel extremely strange. Fur sprouts all over your body.
You feel a hidden malignance growing inside you.
You feel agile. Something hits you. Something shocks you.
* * * LOW HITPOINT WARNING * * *
It was a potion of flight.
You feel very buoyant.
You fly up into the air.
Something hits you.
* * * LOW HITPOINT WARNING * * *
Something shocks you.
* * * LOW HITPOINT WARNING * * *
You feel better. Something hits you.
* * * LOW HITPOINT WARNING * * *
Something shocks you.
* * * LOW HITPOINT WARNING * * *
It was a potion of brilliance.
You feel clever all of a sudden. Something hits you.
* * * LOW HITPOINT WARNING * * *
Something shocks you.
You die...
Your body crumbles into a pile of gold.

.....#############.#...#
..............#.....##.#
..............#.#......#
).............#.#...##########
..............#.#............#
.....###..#####.#..)...#####.#
.....####'#####.#..<#....#...#
######....o...#........#....##
#........#.@........#..###
#..o.....#{#..#..##.#....#
#........oo#.....##.##.#.#
######.............#..##.##.#.###
)........?....#(.....#...##.#....
..............#.#....#.#....#####
...........)..#.#......#.......#.
..............#'#......#######.#.
#############....[..#...>..#...#.


You could see 2 orcs.

Vanquished Creatures
  Grinder (D:5)
  Prince Ribbit (D:5)
  A sky beast (D:6)
  An orc warrior (D:6)
  A black bear (D:4)
  An ogre (D:6)
  3 bullfrogs (D:6)
  2 scorpions
  4 hounds
  2 iguanas
  4 orc wizards (D:6)
  2 adders
  8 gnolls
  A shadow imp (D:5)
  2 worms
  3 dart slugs
  6 orcs
  6 endoplasms
  2 giant cockroaches
  9 goblins
  10 hobgoblins
  4 jackals (D:3)
  5 quokkas
  6 ball pythons
  5 bats (D:2)
  2 frilled lizards
  7 kobolds
  7 rats
106 creatures vanquished.

Vanquished Creatures (others)
  2 plants (D:3)
2 creatures vanquished.

Grand Total: 108 creatures vanquished

Notes
Turn   | Place    | Note
-------+----------+-------------------------------------------
     0 | D:1      | ragingrage the Octopode Air Elementalist began the quest
                  | for the Orb.
     0 | D:1      | Reached XP level 1. HP: 11/11 MP: 3/3
   214 | D:1      | Reached XP level 2. HP: 17/17 MP: 1/5
   223 | D:1      | Reached skill level 3 in Stealth
  1130 | D:1      | Reached XP level 3. HP: 21/21 MP: 4/6
  1512 | D:2      | Reached skill level 1 in Unarmed Combat
  1743 | D:2      | Found a faded altar of an unknown god.
  2454 | D:3      | Reached XP level 4. HP: 17/27 MP: 3/7
  2612 | D:3      | Found a faded altar of an unknown god.
  2634 | D:3      | Found a faded altar of an unknown god.
  2634 | D:3      | Found a hazy altar of Hepliaklqana.
  2840 | D:3      | Found Pamm's Magic Scroll Emporium.
  3095 | D:3      | Found a runed translucent door.
  3096 | D:3      | Noticed Crazy Yiuf
  3455 | D:3      | Reached skill level 4 in Stealth
  3911 | D:4      | Noticed Eustachio
  4189 | D:4      | Noticed a lemure
  4191 | D:4      | Noticed a lemure
  4192 | D:4      | Noticed a lemure
  4272 | D:4      | Reached XP level 5. HP: 28/31 MP: 9/9
  4276 | D:5      | Entered Level 5 of the Dungeon
  4285 | D:5      | Noticed Prince Ribbit
  4297 | D:5      | Killed Prince Ribbit
  4298 | D:5      | Reached skill level 5 in Stealth
  4298 | D:5      | Reached XP level 6. HP: 36/36 MP: 6/11
  4299 | D:5      | Found a staircase to the Ecumenical Temple.
  4312 | Temple   | Entered the Ecumenical Temple
  4312 | Temple   | Noticed a red devil
  4312 | Temple   | Noticed an Executioner
  4312 | Temple   | Noticed a green death
  4312 | Temple   | Noticed a neqoxec
  4315 | Temple   | Noticed a red devil
  4315 | Temple   | Noticed Zeythra the pandemonium lord
  4317 | Temple   | Noticed Xaaschin the pandemonium lord
  4366 | Temple   | Noticed an Executioner
  4366 | Temple   | Noticed a green death
  4367 | Temple   | Noticed Eroakan the pandemonium lord
  4367 | Temple   | Noticed a rust devil
  4368 | Temple   | Noticed an Ice Fiend
  4412 | Temple   | Became a worshipper of Gozag Ym Sagoz the Greedy
  4432 | D:5      | Learned a level 2 spell: Static Discharge
  4436 | D:5      | Learned a level 3 spell: Swiftness
  4441 | D:5      | Learned a level 4 spell: Airstrike
  4444 | D:5      | Noticed Edmund
  4731 | D:5      | Noticed Grinder
  4739 | D:5      | Killed Grinder
  4740 | D:5      | Reached skill level 6 in Stealth
  4740 | D:5      | Reached XP level 7. HP: 41/41 MP: 11/13
  5041 | D:4      | Reached skill level 5 in Air Magic
  5062 | D:4      | Reached skill level 1 in Fighting
  5062 | D:4      | Reached skill level 1 in Short Blades
  5770 | D:5      | Found Wynov's Assorted Antiques.
  5778 | D:5      | Bought a dark potion for 27 gold pieces
  5778 | D:5      | Bought a dark potion for 27 gold pieces
  5778 | D:5      | Bought a scroll labelled UDWINEWU ASEE for 31 gold pieces
  5778 | D:5      | Bought a scroll labelled ZUGEXAI ORAUK for 31 gold pieces
  6117 | D:6      | Reached XP level 8. HP: 42/49 MP: 8/14
  6291 | D:6      | Reached skill level 7 in Stealth
  7032 | D:6      | Gained mutation: You are covered in fur. (AC +1) [potion of
                  | mutation]
  7032 | D:6      | Gained mutation: You have hidden genetic defects. [potion
                  | of mutation]
  7032 | D:6      | Gained mutation: You are agile. (Dex +4, Str/Int -1)
                  | [potion of mutation]
  7035 | D:6      | HP: 2/52 [something (2)]
  7035 | D:6      | Slain by a sky beast

Illustrated notes

Levels and vault maps discovered:
D:1:      psy_arrival_basics, layout_loops_ring
D:2:      layout_basic, chequers_ecumenical_altar_simple,
          kennysheep_generic_room_13
D:3:      layout_basic, nicolae_hepliaklqana_ecumenical_no_more, serial_shops,
          shop_fountains, uniq_crazy_yiuf_cottage
D:4:      layout_layer_cave, grunt_ministairs_13, uniq_eustachio, uniq_pikel
D:5:      layout_cave_pods, minmay_temple_entry_trees, serial_shops,
          nicolae_shop_waterfront, serial_park, serial_park_avenue1,
          serial_park_tiny_pond, serial_park_square1
          [serial_park_minivault_5x5_6], serial_park_avenue1,
          nicolae_figureground_pulse, uniq_prince_ribbit1, uniq_grinder,
          uniq_edmund
D:6:      layout_basic
Temple:   nicolae_temple_panitentiary

Skill      XL: |  1  2  3  4  5  6  7  8 |
---------------+-------------------------+-----
Stealth        | 3 4 5 6 7 |  7.0
Unarmed Combat | 1 |  1.4
Conjurations   | 2 3 |  3.0
Spellcasting   | 3 4 |  4.0
Air Magic      | 4 5 6 |  6.0
Fighting       | 1 3 |  3.3
Short Blades   | 1 3 |  3.3
Dodging        | 4 |  4.0

Action                   |  1- 3 |  4- 6 |  7- 9 || total
-------------------------+-------+-------+-------++-------
Melee: Unarmed           |    38 |       |       ||    38
       Constrict         |    12 |     3 |     8 ||    23
       Tentacles         |     7 |     2 |    12 ||    21
       Dagger            |       |    14 |    47 ||    61
       Punch             |       |       |     1 ||     1
 Cast: Shock             |    75 |    54 |    72 ||   201
       Airstrike         |       |       |     3 ||     3
Evoke: Wand              |       |     2 |       ||     2
  Use: Scroll            |       |       |     6 ||     6
       Potion            |       |       |     4 ||     4
 Stab: Sleeping          |     4 |     1 |     4 ||     9
       Distracted        |       |       |     1 ||     1
Armor: Skin              |     3 |     1 |       ||     4
Dodge: Dodged            |    28 |     9 |    27 ||    64
Block: Other             |     9 |     4 |    11 ||    24
       Reflection        |       |       |     1 ||     1

Table legend: (Time is in decaauts)
 A = Elapsed time spent in this place.
 B = Non-inter-level travel time spent in this place.
 C = Inter-level travel time spent in this place.
 D = Time resting spent in this place.
 E = Time spent auto-exploring this place.
 F = Levels seen in this place.
 G = Mean time per level.
                   A        B        C        D        E       F      G
               +--------+--------+--------+--------+--------+-----+--------+
         Total |   7029 |   6703 |    326 |   1391 |   4502 |   7 | 1004.1 |
       Dungeon |   6913 |   6623 |    290 |   1391 |   4446 |   6 | 1152.2 |
        Temple |    115 |     79 |     36 |      0 |     56 |   1 |  115.0 |
               +--------+--------+--------+--------+--------+-----+--------+

Top non-repeatable levels by time:
     D:3: 1645 daAuts
     D:1: 1290 daAuts
     D:5: 1188 daAuts
     D:2: 1056 daAuts
     D:4: 886 daAuts
     D:6: 846 daAuts
  Temple: 115 daAuts
